AoeStats
← 烏雲中

Arena

509032821Analyzed
1v1 RM · 8d ago on Sep 25, 2026· 37m 5s· 2 players
Game mode
Random Map
Map size
Tiny (2 player)
Population
200
Speed
Normal
Resources
Standard
Victory
Conquest
Starting age
Dark Age
Ending age
Imperial Age
RankedLock teamsTeams togetherTeam positionsShared explorationLock speedFull tech treeHidden civsTurbo modeCheats
Victory
Defeat
🇺🇸 Persians · United States
1071
+18
🇹🇼 Danes · Taiwan
1122
-18
烏雲中
10:21 Feudal Age
14:37 Castle Age
12:34 Double-Bit Axe
13:01 Horse Collar
17:15 Scale Mail Armor
17:44 Loom
19:06 Bow Saw
19:34 Gold Mining
22:03 Arson
22:20 Squires
25:56 Forging
26:01 Chain Mail Armor
28:31 Wheelbarrow
27:33 Pikeman
33:50 Padded Archer Armor
33:41 Fletching
33:41 Elite Skirmisher
36:43 Heavy Plow
Meehan Machine
9:42 Feudal Age
8:31 Loom
14:06 Castle Age
12:31 Double-Bit Axe
13:41 Horse Collar
14:52 Bow Saw
17:46 Scale Barding Armor
17:53 Forging
19:39 Bloodlines
19:44 Heavy Plow
23:25 Fletching
23:38 Padded Archer Armor
24:29 Crossbowman
25:15 Thumb Ring
26:18 Wheelbarrow
27:45 Kamandaran
30:16 Bodkin Arrow
30:39 Leather Archer Armor
31:47 Chain Barding Armor
31:33 Husbandry
35:05 Ballistics
38:32 Imperial Age
Connection lost

Rejoining the realm…

Still unreachable

The connection could not be restored.

Session expired

The server has moved on; the page needs a fresh start.